 Dungeon Sprint DCSS version 0.31-a0-675-g238779eb0a (webtiles) character file.

Game seed: 17217656001415953452

191 sircluck the Ruffian (level 5, -5/59 HPs)
             Began as a Troll Berserker on Sept 5, 2023.
             Was a Believer of Trog.
             Slain by a wolf (9 damage)
             ... led by Grum
             ... in the Dungeon (Sprint VII: "The Pits").
             The game lasted 00:00:32 (60 turns).

sircluck the Ruffian (Troll Berserker)                Turns: 60, Time: 00:00:33

Health: -5/59      AC:  4    Str: 27    XL:     5   Next: 41%
Magic:  4/4        EV: 11    Int:  3    God:    Trog [**....]
Gold:   0          SH:  0    Dex:  9    Spells: 4/4 levels left

rFire   . .          .
                       - Unarmed
rCold   . . .        (no shield)
rNeg    . . .        a - +0 animal skin
rPois   .            (helmet restricted)
rElec   .            (no cloak)
rCorr   .            (gloves unavailable)
SInv    .            (boots unavailable)
Will    ++...        (no amulet)
Stlth   +            (no ring)
HPRegen 2.09/turn    (no ring)
MPRegen 0.09/turn

%: no teleportation
@: strong-willed, on berserk cooldown, regenerating, hasted, very quick
A: large, unfitting armour, claws 3, regeneration 1, shaggy fur 1, tough skin 1
a: Renounce Religion, Berserk, Trog's Hand


You were in the Dungeon.
You worshipped Trog.
Trog was pleased with you.
You visited 1 branch

Inventory:

Armour
 a - a +0 animal skin (worn)
Potions
 b - a potion of curing
 e - 2 potions of magic
 f - a potion of berserk rage


   Skills:
 + Level 6.0 Fighting
 + Level 5.9 Dodging
 + Level 7.1 Unarmed Combat


You had 4 spell levels left.
You didn't know any spells.
Your spell library was empty.

Dungeon Overview and Level Annotations

Branches:
Dungeon (1/1)

Altars:

Annotations:
D Grum


Innate Abilities, Weirdness & Mutations

You are too large for most types of armour.
You have claws for hands.
Your natural rate of healing is unusually fast.
You are covered in fur. (AC +1)
You have tough skin. (AC +1)


Message History

* * * LOW HITPOINT WARNING * * *
Blink to where?
Press: ? - help, Q - select action, (/) - cycle Dir - move target
As you read the scroll of blinking, it crumbles to dust.
The wolf pauses to sniff the ground.
You feel yourself speed up. The wolf attacks as it pursues you!
The wolf bites you.
* * * LOW HITPOINT WARNING * * *
The wolf misses you. The wolf closely misses you.
You mangle the wolf!!
You kill the wolf!
Trog accepts your kill.
Your Fighting skill increases to level 6!
Your Unarmed Combat skill increases to level 7!
You have reached level 5!
You feel much better.
You feel yourself speed up. The spriggan hits you with a +0 dagger!
You scratch the spriggan.
The spriggan is lightly wounded.
You feel the effects of Trog's Hand fading.
The wolf barely misses you. The spriggan hits you with a +0 dagger!
* * * LOW HITPOINT WARNING * * *
The spriggan blocks your attack. The wolf bites you but does no damage.
The spriggan misses you.
Okay, then.
Your skin crawls.
You feel strong-willed. The wolf misses you.
You scratch the spriggan but do no damage.
The wolf bites you.
* * * LOW HITPOINT WARNING * * *
The spriggan closely misses you.
You miss the spriggan. The wolf bites you.
* * * LOW HITPOINT WARNING * * *
The ufetubus attacks as it pursues you! The ufetubus hits you.
* * * LOW HITPOINT WARNING * * *
The ufetubus hits you.
* * * LOW HITPOINT WARNING * * *
The wolf attacks as it pursues you! The wolf bites you!
You die...

##########++######
#................#
#......#..#......#
#..@5ih..........+
+...h............+
#..)..)#..#......#
#..)..)gg........#
####'#####''######
#.......##''#
#.......##.g##
#.......##.gZ#
#...<...###...#


You could see Grum, a spriggan, 2 wolves, a gnoll and an ufetubus.

Vanquished Creatures
  A wolf (D)
  A gnoll sergeant (D)
  5 gnolls (D)
7 creatures vanquished.

Notes
Turn   | Place    | Note
-------+----------+-------------------------------------------
     0 | D        | sircluck the Troll Berserker began the quest for the Orb.
     0 | D        | Reached XP level 1. HP: 22/22 MP: 0/0
    12 | D        | Noticed a gnoll sergeant
    24 | D        | Reached XP level 2. HP: 31/31 MP: 1/1
    26 | D        | Reached skill level 4 in Unarmed Combat
    28 | D        | Reached ** piety under Trog
    29 | D        | Reached XP level 3. HP: 39/39 MP: 2/2
    32 | D        | Killed a gnoll sergeant
    33 | D        | Reached skill level 5 in Unarmed Combat
    33 | D        | Reached XP level 4. HP: 34/49 MP: 3/3
    36 | D        | Reached skill level 5 in Fighting
    36 | D        | Reached skill level 5 in Dodging
    36 | D        | Reached skill level 6 in Unarmed Combat
    43 | D        | Noticed a wolf
    43 | D        | Noticed a wolf
    44 | D        | Noticed Grum
    44 | D        | Noticed a wolf
    46 | D        | Noticed a spriggan
    47 | D        | HP: 2/50 [gnoll/+0 flail (6)]
    52 | D        | Killed a wolf
    53 | D        | Reached skill level 7 in Unarmed Combat
    53 | D        | Reached XP level 5. HP: 18/59 MP: 4/4
    60 | D        | Slain by a wolf

Illustrated notes

Levels and vault maps discovered:
D:        pitsprint [storerooms_1, entrance_room_1, metal_vault_5, armoury_3,
          mini_pit_1, grid_room_1, main_hall_1, silver_pit, the_coven_2,
          the_vestibule_1, steel_vault_1, golden_pit, hallway_of_sentries,
          crystal_vault_2, iron_vault_5, final_vault]

Skill      XL: |  1  2  3  4 |
---------------+-------------+-----
Fighting       | 3 4 6 |  6.0
Dodging        | 3 4 5 |  5.9
Unarmed Combat | 4 5 7 |  7.1

Action                     |  1- 3 |  4- 6 || total
---------------------------+-------+-------++-------
  Melee: Unarmed           |     7 |    10 ||    17
 Invoke: Berserk           |     1 |       ||     1
         Trog's Hand       |       |     2 ||     2
    Use: Scroll            |       |     1 ||     1
         Potion            |       |     2 ||     2
 Armour: Animal skin       |     2 |    19 ||    21
  Dodge: Dodged            |     2 |    11 ||    13

Table legend: (Time is in decaauts)
 A = Elapsed time spent in this place.
 B = Non-inter-level travel time spent in this place.
 C = Inter-level travel time spent in this place.
 D = Time resting spent in this place.
 E = Time spent auto-exploring this place.
 F = Levels seen in this place.
 G = Mean time per level.
                   A        B        C        D        E       F      G
               +--------+--------+--------+--------+--------+-----+--------+
         Total |     62 |     62 |      0 |      0 |     11 |   1 |   62.0 |
       Dungeon |     62 |     62 |      0 |      0 |     11 |   1 |   62.0 |
               +--------+--------+--------+--------+--------+-----+--------+

Top non-repeatable levels by time:
       D: 62 daAuts
